 Dungeon Crawl Stone Soup version 0.29-a0-802-g34511f41fd (webtiles) character file.

Game seed: 12183103066744312658

1710 blackman the Skirmisher (level 9, -1/67 HPs)
             Began as a Human Artificer on July 3, 2022.
             Was a Believer of Ashenzari.
             Killed by an exploding quokka (24 damage)
             ... ignited by their inner flame
             ... on level 6 of the Dungeon.
             The game lasted 00:20:47 (9608 turns).

blackman the Skirmisher (Human Artificer)           Turns: 9608, Time: 00:20:47

Health: -1/67      AC: 13    Str: 16    XL:     9   Next: 24%
Magic:  9/9        EV: 12    Int: 12    God:    Ashenzari [**....]
Gold:   285        SH:  0    Dex: 14    Spells: 8/8 levels left

rFire   . . .      SeeInvis +   b - +0 shortbow
rCold   . . .      Faith    .   (shield currently unavailable)
rNeg    . . .      Spirit   .   i - +0 leather armour
rPois   +          Reflect  .   H - +1 helmet
rElec   .          Harm     .   (no cloak)
rCorr   .          Rampage  .   h - +2 pair of gloves of the Mantic Empyrean {hurl, Cun, Self} (curse)
Will    .....                   n - +0 pair of boots "Thunder Perfect Mind" {Evo, Cun} (curse)
Stlth   ++........              (no amulet)
HPRegen 0.21/turn               u - ring of Ashenzari's Black Moon {rPois, Cun, Evo} (curse)
MPRegen 0.11/turn               c - +4 ring of protection

@: no status effects
A: no striking features
a: Renounce Religion, Curse Item, Shatter the Chains


You were on level 6 of the Dungeon.
You worshipped Ashenzari.
Ashenzari was pleased with you.
You visited 1 branch of the dungeon, and saw 6 of its levels.

You collected 285 gold pieces.

Inventory:

Hand Weapons
 a - a +0 trident
 b - a +0 shortbow (weapon)
 r - a +0 club
 B - a +0 sling
 J - a +0 spear
Missiles
 l - 6 poisoned darts
 I - 3 boomerangs
Armour
 h - the cursed +2 pair of gloves of the Mantic Empyrean (worn) {hurl, Cun, Self}
   (You acquired it on level 1 of the Dungeon)

   It has a curse which improves the following skills: Cunning: Dodging and
   Stealth.
   Introspection: Fighting and Spellcasting.
 i - a +0 leather armour (worn)
 n - the cursed +0 pair of boots "Thunder Perfect Mind" (worn) {Evo, Cun}
   (You found it on level 2 of the Dungeon)

   It has a curse which improves the following skills: Evocations: Evocations.
   Cunning:   Dodging and Stealth.
 x - a +0 chain mail
 H - a +1 helmet (worn)
Jewellery
 c - a +4 ring of protection (right hand)
 u - the cursed ring of Ashenzari's Black Moon (left hand) {rPois, Cun, Evo}
   (You found it on level 2 of the Dungeon)

   [ring of poison resistance]

   rPois:     It protects you from poison.
   It has a curse which improves the following skills: Cunning: Dodging and
   Stealth.
   Evocations: Evocations.
 E - a ring of resist corrosion
 L - a ring of ice
Wands
 d - a wand of charming (6)
 e - a wand of iceblast (1)
 w - a wand of polymorph (4)
 G - a wand of mindburst (2)
Scrolls
 f - a scroll of blinking
 k - 2 scrolls of vulnerability
 o - 5 scrolls of identify
 v - 2 scrolls of immolation
 y - a scroll of enchant armour
 K - a scroll of fog
Potions
 g - a potion of mutation
 j - a potion of haste
 m - 6 potions of curing
 p - a potion of lignification
 q - 2 potions of degeneration
 s - 2 potions of brilliance
 t - 3 potions of flight
 z - 2 potions of resistance
 A - 2 potions of magic
 C - a potion of heal wounds
 D - a potion of ambrosia
 F - a potion of might


   Skills:
 - Level 3.7(4.8) Fighting
 * Level 10.5 Ranged Weapons
 - Level 2.0 Armour
 - Level 1.0(2.4) Dodging
 - Level 1.0(2.4) Stealth
 - Level 3.0(4.6) Evocations


You had 8 spell levels left.
You didn't know any spells.
Your spell library contained the following spells:

 Spells                   Type           Power      Damage    Failure   Level
 Slow                     Hex            0%         N/A       38%         1
 Confusing Touch          Hex            0%         N/A       77%         3
 Gell's Gravitas          Tloc           0%         N/A       77%         3
 Teleport Other           Tloc           0%         N/A       77%         3
 Vampiric Draining        Necr           0%         2d6       77%         3
 Dispersal                Tloc           0%         N/A       100%        6


Dungeon Overview and Level Annotations

Branches:
Dungeon (6/15)             Temple (0/1) D:4

Altars:
Ashenzari
Cheibriados
Dithmenos
Makhleb
Sif Muna
Trog

Shops:
D:3 *

Annotations:
D:6 Eustachio


Message History

Fire: b) +0 shortbow
Press: ? - help, Shift-Dir - straight line, f/p - Eustachio
Aim: Eustachio, wielding a +2 vorpal falchion and wearing a +1 leather armour of poison resistance (lightly wounded, 57% to hit)
You shoot an arrow. The arrow hits Eustachio.
Eustachio is moderately wounded.
Eustachio casts a spell.
Aiming: Iceblast
Press: ? - help, Shift-Dir - straight line, f - quokka, p - Eustachio
Aim: a quokka (summoned)
Okay, then.
Unknown command.
Unknown command.
Unknown command.
Aiming: Charm
Press: ? - help, Shift-Dir - straight line, f - quokka, p - Eustachio
Aim: a quokka (summoned, chance to affect: 76%)
Okay, then.
Unknown command.
Unknown command.
As you read the scroll of immolation, it crumbles to dust.
The creatures around you are filled with an inner flame!
Aiming: Charm
Press: ? - help, Shift-Dir - straight line, f/p - Eustachio
Aim: Eustachio, wielding a +2 vorpal falchion and wearing a +1 leather armour of poison resistance (moderately wounded, inner flame, chance to affect: 61%)
The quokka is charmed.
What are your orders? t - Shout!
Orders for allies: a - Attack new target. p - Attack previous target. r - Retreat! s - Stop attacking. g - Guard the area. f - Follow me.
Anything else - Cancel.
Gang up on whom?
Press: ? - help, Dir - move target, f/p - Eustachio
Aim: Eustachio, wielding a +2 vorpal falchion and wearing a +1 leather armour of poison resistance (moderately wounded, inner flame) Attack!
The quokka bites your quokka. Flame seeps out of your quokka.
Your quokka is engulfed in blazing flames.
Your quokka's corpse disappears in a puff of smoke!
Your quokka explodes!
The fiery explosion engulfs you!!
You die...

...............(.<.#.....#
.#..#..#..#..#.....#######
...................#
################...# , ,
#.### ,, ,, #.# * * #.# ,
, * #.# * * , #@## * *
#○.# * ,,,##r# * ** #.## *
#@b# ####### * ,##.#
##.....## * #r###.......##
#.##.##.........#
#....##.........#


You could see Eustachio (inner flame), a quokka (summoned, inner flame), a bat
(summoned, inner flame) and a rat (summoned, inner flame).

Vanquished Creatures
  Grinder (D:3)
  3 water moccasins
  A sky beast (D:6)
  2 ogres (D:5)
  A phantom (D:6)
  A necrophage (D:6)
  2 scorpions (D:5)
  2 hounds (D:5)
  4 orc priests
  4 iguanas
  Jessica (D:2)
  6 orc wizards
  Terence (D:3)
  4 gnolls (D:4)
  2 adders
  2 ufetubi
  2 dart slugs
  2 worms
  12 orcs
  5 ball pythons
  10 bats
  7 endoplasms
  7 giant cockroaches
  9 goblins
  8 hobgoblins
  7 jackals
  3 quokkas
  A frilled lizard (D:1)
  6 kobolds
  5 rats
121 creatures vanquished.

Vanquished Creatures (collateral kills)
  A hound (D:6)
  A bat (D:1)
  An endoplasm (D:1)
  A goblin (D:1)
4 creatures vanquished.

Vanquished Creatures (others)
  An acid dragon (D:6)
  An adder (D:6)
  A goblin (D:1)
3 creatures vanquished.

Grand Total: 128 creatures vanquished

Notes
Turn   | Place    | Note
-------+----------+-------------------------------------------
     0 | D:1      | blackman the Human Artificer began the quest for the Orb.
     0 | D:1      | Reached XP level 1. HP: 15/15 MP: 1/1
   660 | D:1      | Reached XP level 2. HP: 22/22 MP: 2/2
   833 | D:1      | Identified a scroll of acquirement
   833 | D:1      | Acquired a +1 pair of gloves of hurling
   871 | D:1      | Reached XP level 3. HP: 8/28 MP: 3/3
  2689 | D:2      | Reached XP level 4. HP: 22/35 MP: 4/4
  3287 | D:2      | Found a burning altar of Makhleb.
  3420 | D:2      | Found a faded altar of an unknown god.
  3559 | D:2      | Noticed Jessica
  3572 | D:2      | Killed Jessica
  3573 | D:2      | Reached skill level 1 in Ranged Weapons
  4250 | D:3      | Reached skill level 2 in Ranged Weapons
  4328 | D:3      | Reached XP level 5. HP: 42/42 MP: 5/5
  4430 | D:3      | Found a broken altar of Ashenzari.
  4473 | D:3      | Noticed Grinder
  4479 | D:3      | Killed Grinder
  4480 | D:3      | Reached skill level 4 in Ranged Weapons
  4480 | D:3      | Reached XP level 6. HP: 40/48 MP: 6/6
  4665 | D:3      | Found Jeok's Assorted Antiques.
  4693 | D:3      | Found a shadowy altar of Dithmenos.
  4761 | D:3      | Became a worshipper of Ashenzari the Shackled
  4816 | D:3      | Noticed Terence
  4830 | D:3      | Killed Terence
  4831 | D:3      | Reached skill level 5 in Ranged Weapons
  5583 | D:4      | Reached XP level 7. HP: 53/53 MP: 7/7
  5849 | D:4      | Found a staircase to the Ecumenical Temple.
  6183 | D:4      | Reached skill level 6 in Ranged Weapons
  6764 | D:4      | Found a snail-covered altar of Cheibriados.
  6764 | D:4      | Found a shimmering blue altar of Sif Muna.
  6855 | D:4      | Reached * piety under Ashenzari
  7222 | D:5      | Entered Level 5 of the Dungeon
  7263 | D:5      | Reached skill level 7 in Ranged Weapons
  7302 | D:5      | Reached XP level 8. HP: 60/60 MP: 8/8
  7549 | D:5      | Reached skill level 8 in Ranged Weapons
  8076 | D:5      | Reached ** piety under Ashenzari
  8284 | D:5      | Reached skill level 9 in Ranged Weapons
  9389 | D:6      | Found a bloodstained altar of Trog.
  9409 | D:6      | Reached XP level 9. HP: 67/67 MP: 9/9
  9462 | D:6      | Reached skill level 10 in Ranged Weapons
  9583 | D:6      | Noticed Eustachio
  9608 | D:6      | Killed by an exploding quokka... ignited by their inner
                  | flame

Illustrated notes

Levels and vault maps discovered:
D:1:      evilmike_arrival_fibonacci_small, layout_loops_ring,
          hangedman_feature_mirror, minivault_14, chequers_serial_rivers_small_3
D:2:      layout_loops_cross, basic_altar, dreamdust_ecumenical_altar_statues,
          uniq_jessica
D:3:      layout_basic, nicolae_ashenzari_panopticon,
          nicolae_dithmenos_shadow_blocks, serial_shops,
          nicolae_shop_waterfront, uniq_grinder, uniq_terence
D:4:      layout_cave_pods, gammafunk_temple_overflow_elements,
          minmay_temple_entry_butterflies,
          nicolae_concentric_dashed_squares_wild
D:5:      layout_loops_corners, st_stairs_13
D:6:      layout_rooms, mainiacjoe_overflow_tiny_flanked, marbit_many_paths,
          columned_hall_lemuel, chequers_mini_garden, uniq_edmund,
          uniq_eustachio

Skill      XL: |  1  2  3  4  5  6  7  8  9 |
---------------+----------------------------+-----
Fighting       | 2 3 |  3.7
Ranged Weapons | 2 4 5 7 9 10 | 10.5
Armour         | |  2.0
Dodging        | |  1.0
Stealth        | |  1.0
Evocations     | |  3.0

Action                   |  1- 3 |  4- 6 |  7- 9 || total
-------------------------+-------+-------+-------++-------
Melee: Club              |    46 |       |       ||    46
       Spear             |    67 |   162 |    95 ||   324
       Unarmed           |       |     3 |       ||     3
       Punch             |       |     2 |     4 ||     6
       Trident           |       |       |   100 ||   100
 Fire: Shortbow          |       |    18 |   146 ||   164
Throw: Dart              |       |     1 |       ||     1
Invok: Curse Item        |       |     1 |     2 ||     3
Evoke: Wand              |    11 |    13 |    10 ||    34
  Use: Scroll            |     2 |       |     2 ||     4
 Stab: Sleeping          |     1 |     1 |       ||     2
       Distracted        |       |     1 |       ||     1
Armor: Leather armour    |    59 |    26 |    78 ||   163
       Chain mail        |       |    93 |    62 ||   155
Dodge: Dodged            |   107 |    69 |   131 ||   307

Table legend: (Time is in decaauts)
 A = Elapsed time spent in this place.
 B = Non-inter-level travel time spent in this place.
 C = Inter-level travel time spent in this place.
 D = Time resting spent in this place.
 E = Time spent auto-exploring this place.
 F = Levels seen in this place.
 G = Mean time per level.
                   A        B        C        D        E       F      G
               +--------+--------+--------+--------+--------+-----+--------+
         Total |   9706 |   9366 |    340 |   3462 |   4634 |   6 | 1617.7 |
       Dungeon |   9706 |   9366 |    340 |   3462 |   4634 |   6 | 1617.7 |
               +--------+--------+--------+--------+--------+-----+--------+

Top non-repeatable levels by time:
     D:5: 2178 daAuts
     D:2: 2108 daAuts
     D:1: 2105 daAuts
     D:4: 1817 daAuts
     D:3: 1258 daAuts
     D:6: 237 daAuts
